AoeStats
← DIO

Socotra

506519719Analyzed
3v3 RM · 17d ago on Sep 13, 2026· 32m 11s· 6 players
Game mode
Random Map
Map size
128×128
Population
200
Speed
Normal
Resources
Standard
Victory
Conquest
Starting age
Dark Age
Ending age
Imperial Age
RankedLock teamsTeams togetherTeam positionsShared explorationLock speedFull tech treeHidden civsTurbo modeCheats
Victory
Defeat
🇨🇦 Japanese · Canada
1120
+13
🇧🇷 Magyars · Brazil
1107
+13
🇺🇸 Armenians · United States
1046
+16
🇺🇸 Lithuanians · United States
1061
-15
🇹🇷 Maya · Türkiye
1058
-14
🇹🇼 Khmer · Taiwan
1027
-13
streetcakeavenger
2:35 Loom
15:13 Feudal Age
17:20 Fletching
19:02 Double-Bit Axe
20:03 Bloodlines
22:34 Horse Collar
26:37 Castle Age
29:24 Wheelbarrow
29:08 Town Watch
29:49 Bodkin Arrow
30:59 Hand Cart
DIO
5:20 Loom
10:29 Feudal Age
12:58 Double-Bit Axe
17:02 Horse Collar
18:04 Fletching
20:32 Padded Archer Armor
25:47 Castle Age
27:26 Bodkin Arrow
27:27 Crossbowman
31:07 Thumb Ring
@_@
13:10 Feudal Age
16:45 Castle Age
15:10 Double-Bit Axe
18:10 Bow Saw
25:37 Bloodlines
25:37 Horse Collar
27:49 Wheelbarrow
29:19 Gold Mining
29:20 Stone Mining
AoeAuthority.com
5:20 Loom
13:51 Feudal Age
13:56 Man-at-Arms
14:52 Long Swordsman
17:24 Double-Bit Axe
18:11 Fletching
19:52 Scale Mail Armor
21:49 Arson
26:59 Castle Age
26:47 Horse Collar
27:14 Two-Handed Swordsman
27:37 Elite Skirmisher
29:56 Heavy Plow
Lumi.S
6:45 Loom
9:24 Feudal Age
9:28 Man-at-Arms
12:47 Double-Bit Axe
18:24 Fletching
22:46 Castle Age
20:47 Horse Collar
22:18 Gold Mining
22:47 Crossbowman
23:43 Bodkin Arrow
27:45 Thumb Ring
28:03 Pikeman
31:15 Wheelbarrow
kisameada
3:45 Loom
11:20 Feudal Age
11:55 Double-Bit Axe
13:09 Horse Collar
15:44 Bloodlines
23:28 Castle Age
22:04 Stone Mining
26:28 Corvinian Army
26:45 Heavy Plow
27:13 Gold Mining
27:43 Bow Saw
29:40 Scale Barding Armor
31:13 Chain Barding Armor
Connection lost

Rejoining the realm…

Still unreachable

The connection could not be restored.

Session expired

The server has moved on; the page needs a fresh start.